 Dungeon Crawl Stone Soup version 0.23-a0-189-gc87c613 (webtiles) character file.

1218 somewhere the Cleaver (level 8, -4/60 HPs)
             Began as a Demonspawn Gladiator on Sept 23, 2018.
             Shot with an arrow by a centaur (11 damage)
             ... while paralysed by a kobold
             ... on level 5 of the Dungeon.
             The game lasted 00:04:49 (4655 turns).

somewhere the Cleaver (Demonspawn Gladiator)        Turns: 4655, Time: 00:04:50

Health: -4/60      AC: 13    Str: 17    XL:     8   Next: 22%
Magic:  0/8        EV:  2    Int: 10    God:
Gold:   81         SH:  0    Dex: 14    Spells: 7/7 levels left

rFire    . . .     SeeInvis .   y - +3 hand axe (drain)
rCold    . . .     Gourm    .   (no shield)
rNeg     . . .     Faith    .   t - +0 scale mail
rPois    +         Spirit   +   c - +0 helmet
rElec    .         Reflect  .   i - scarf {Spirit}
rCorr    .         Harm     +   (no gloves)
MR       .....                  (no boots)
Stlth    ..........             h - amulet of harm
HPRegen  0.20/turn              u - ring of poison resistance
MPRegen  0.11/turn              (no ring)

@: paralysed, lethally poisoned (-4 -> -14), sanguine armour, slowed
A: talons 2, spiny 1, sanguine armour 1
a: no special abilities


You were on level 5 of the Dungeon.
You were very hungry.

You visited 1 branch of the dungeon, and saw 5 of its levels.
You also visited: Sewer.

You collected 267 gold pieces.
You spent 186 gold pieces at shops.

Inventory:

Hand Weapons
 a - a +0 war axe
 y - a +3 hand axe of draining (weapon)
 D - the +7 hand axe of Woe {flame, *Rage rN+ MP+9 Dex+3, unknown}
   (You found it on level 5 of the Dungeon)

   It has been specially enchanted to burn those struck by it, causing extra
   injury to most foes and up to half again as much damage against particularly
   susceptible opponents.
   Big, fiery blades are also staple armaments of hydra-hunters.
   It affects your dexterity (+3).
   It protects you from negative energy.
   It affects your magic capacity (+9).
   It may make you go berserk in combat.
Missiles
 d - 3 throwing nets (quivered)
Armour
 b - a +0 leather armour
 c - a +0 helmet (worn)
 i - a scarf of spirit shield (worn)
 t - a +0 scale mail (worn)
Jewellery
 h - an amulet of harm (around neck)
 u - a ring of poison resistance (left hand)
Scrolls
 e - 8 scrolls of teleportation {unknown}
 k - a scroll of enchant weapon {unknown}
 q - 4 scrolls of remove curse {unknown}
 r - 2 scrolls of identify {unknown}
 v - a scroll of noise {unknown}
 w - a scroll of magic mapping {unknown}
 x - 2 scrolls of random uselessness {unknown}
 A - a scroll of fear {unknown}
Potions
 g - 2 potions of heal wounds {unknown}
 j - 3 potions of mutation {unknown}
 l - a potion of lignification {unknown}
 m - a potion of resistance {unknown}
 n - 2 potions of degeneration {unknown}
 o - 2 potions of might {unknown}
 p - a potion of cancellation {unknown}
 s - 2 potions of curing
 z - a potion of agility {unknown}
 B - a potion of haste {unknown}
 C - a potion of magic {unknown}
Comestibles
 f - 9 rations


   Skills:
 + Level 3.9 Fighting
 * Level 9.0 Axes
 - Level 1.7 Throwing
 - Level 2.6 Dodging


You had 7 spell levels left.
You didn't know any spells.
Your spell library was empty.

Dungeon Overview and Level Annotations

Branches:
Dungeon (5/15)
 Temple: D:4-7

Altars:
Ashenzari
Elyvilon
Kikubaaqudgha
Nemelex Xobeh

Shops:
D:4 !:%(


Innate Abilities, Weirdness & Mutations

You have razor-sharp toenails.
You are partially covered in sharp spines.
When seriously injured, your bleeding wounds create armour. (AC +6)


Message History

The kobold shoots a curare-tipped needle.
The curare-tipped needle hits you.
The centaur hits you but does no damage.
You feel sick.
The centaur hits you but does no damage.
The centaur shoots an arrow.
The arrow hits you!
* * * LOW HITPOINT WARNING * * *
The big kobold is struck by your spines.
The big kobold hits you with a club.
* * * LOW HITPOINT WARNING * * *
The kobold hits you but does no damage.
You feel sick. The centaur is struck by your spines. The centaur hits you!
* * * LOW HITPOINT WARNING * * *
The kobold is struck by your spines.
You kill the kobold!
The big kobold is struck by your spines.
The big kobold completely misses you.
The centaur hits you but does no damage.
The centaur shoots an arrow.
The arrow hits you!
You die...

#... #... #...
.##...######+###.
.''..>...........
#K..cl.........
#..KK†c........
#.SK.@........
#####K._..#### #...#+# #
#..$.(...# #.....#.#
#..(..##.# #.#.#.#. ##.###.#
#...... ######..# $# #.....
. #......## # #....#
#.#.....##
#....#.........#####.#######


You could see a big kobold, 2 centaurs, an adder, a leopard gecko and 4 kobolds.

Vanquished Creatures
  Grinder (D:4)
  Duvessa (D:4)
  A sky beast (D:3)
  A phantom (D:3)
  A necrophage (D:5)
  Blork the orc (D:4)
  Dowan (D:4)
  A scorpion (D:5)
  A bullfrog skeleton (D:4)
  Terence (D:3)
  2 iguanas
  Natasha (thrice) (D:2)
  2 orc wizards (D:4)
  A worker ant (D:4)
  2 hound skeletons (D:4)
  Robin (D:2)
  A howler monkey skeleton (D:4)
  4 adders
  3 river rats
  3 oozes
  An adder zombie (D:5)
  An adder skeleton (D:4)
  2 worms
  3 dart slugs
  2 leopard geckos
  4 orcs
  7 giant cockroaches
  21 goblins
  11 hobgoblins
  5 jackals
  4 ball pythons
  6 bats
  8 frilled lizards
  7 kobolds
  A quokka skeleton (D:4)
  16 rats
131 creatures vanquished.

Vanquished Creatures (others)
  A human (D:2)
1 creature vanquished.

Grand Total: 132 creatures vanquished

Notes
Turn   | Place    | Note
-------+----------+-------------------------------------------
     0 | D:1      | somewhere the Demonspawn Gladiator began the quest for the
                  | Orb.
     0 | D:1      | Reached XP level 1. HP: 16/16 MP: 1/1
    57 | D:1      | Reached skill level 3 in Axes
    87 | D:1      | Gained mutation: You are partially covered in sharp spines.
                  | [demonic ancestry]
    87 | D:1      | Reached XP level 2. HP: 18/22 MP: 2/2
   647 | D:2      | Gained mutation: You have sharp toenails. [demonic
                  | ancestry]
   647 | D:2      | Reached XP level 3. HP: 25/27 MP: 1/3
   695 | D:2      | Found an ancient bone altar of Kikubaaqudgha.
   717 | D:2      | Reached skill level 4 in Axes
   733 | D:2      | Noticed Natasha
   737 | D:2      | Killed Natasha
   737 | D:2      | Reached XP level 4. HP: 22/34 MP: 2/4
   782 | D:2      | Noticed Natasha
   789 | D:2      | Killed Natasha
   852 | D:2      | Noticed Natasha
   861 | D:2      | Killed Natasha
  1072 | D:2      | Reached skill level 5 in Axes
  1072 | D:2      | Gained mutation: When seriously injured, your bleeding
                  | wounds create armour. (AC +6) [demonic ancestry]
  1072 | D:2      | Reached XP level 5. HP: 33/39 MP: 3/5
  1095 | D:2      | Noticed Robin
  1106 | D:2      | Killed Robin
  1293 | D:2      | Found a white marble altar of Elyvilon.
  1293 | D:2      | Found a shattered altar of Ashenzari.
  1469 | D:2      | Noticed a human
  1470 | D:2      | Killed a human
  1647 | D:3      | Noticed a sky beast
  1658 | D:3      | Killed a sky beast
  1658 | D:3      | Reached skill level 6 in Axes
  1658 | D:3      | Reached XP level 6. HP: 16/46 MP: 2/6
  2177 | D:3      | Noticed Terence
  2185 | D:3      | Killed Terence
  2632 | D:4      | Noticed Grinder
  2635 | D:4      | Paralysed by Grinder for 2 turns
  2642 | D:4      | Paralysed by Grinder for 2 turns
  2644 | D:4      | Killed Grinder
  2644 | D:4      | Reached skill level 7 in Axes
  2644 | D:4      | Gained mutation: You have razor-sharp toenails. [demonic
                  | ancestry]
  2644 | D:4      | Reached XP level 7. HP: 37/52 MP: 4/7
  2883 | D:4      | Noticed Blork the orc
  2891 | D:4      | Found a sparkling altar of Nemelex Xobeh.
  2892 | D:4      | Noticed Duvessa
  2892 | D:4      | Noticed Dowan
  3082 | D:4      | Found Bur Joapp's Book Shop.
  3127 | D:4      | Found Xarhice's Distillery.
  3130 | D:4      | Bought a potion of curing for 42 gold pieces
  3145 | D:4      | Found Cuohepha's Food Emporium.
  3275 | D:4      | Found Lyludext's Antique Weapon Shop.
  3285 | D:4      | Bought a runed hand axe for 144 gold pieces
  3500 | D:4      | Killed Blork the orc
  3500 | D:4      | Reached skill level 8 in Axes
  3507 | D:4      | Killed Dowan
  3512 | D:4      | Killed Duvessa
  3512 | D:4      | Reached XP level 8. HP: 33/60 MP: 4/8
  4198 | D:5      | Entered Level 5 of the Dungeon
  4253 | D:5      | Found a glowing drain.
  4285 | Sewer    | Entered a sewer
  4617 | D:5      | Got a smoking hand axe
  4640 | D:5      | Reached skill level 9 in Axes
  4641 | D:5      | Found an ancient bone altar of Kikubaaqudgha.
  4649 | D:5      | Paralysed by a kobold for 7 turns
  4655 | D:5      | Shot with an arrow by a centaur

Vault maps used:
D:1:      scummos_arrival_simple_fountains, moated_statue
D:2:      gammafunk_temple_overflow_statue, first_ration, tgw_kikubaaqudgha,
          uniq_natasha, uniq_robin
D:3:      uniq_terence
D:4:      nemelex_xobeh_ov_fountains_minmay, serial_shops, kennysheep_mini,
          nicolae_shop_crystal, nicolae_shop_behind_doors, shop, uniq_grinder,
          uniq_duvessa, uniq_blork_the_orc
D:5:      nicolae_overflow_crystal_walls, temple_statues, portal_sewer_entry_a,
          enter_ossuary_5, basic_altar, fedhas_altar_4
Sewer:    sewer_co_cracked_pipes

Skill      XL: |  1  2  3  4  5  6  7  8 |
---------------+-------------------------+-----
Axes           | 3 4 5 6 7 8 9 |  9.0
Fighting       | 3 |  3.9
Throwing       | |  1.7
Dodging        | |  2.6

Action                   |  1- 3 |  4- 6 |  7- 9 || total
-------------------------+-------+-------+-------++-------
Melee: War axe           |    54 |    99 |    21 ||   174
       Kick              |     1 |    23 |    20 ||    44
       Hand axe          |       |       |    65 ||    65
 Stab: Sleeping          |       |     1 |       ||     1
  Eat: Chunk             |       |     5 |     6 ||    11
Armor: Leather armour    |    11 |    30 |       ||    41
       Scale mail        |       |     8 |    31 ||    39
Dodge: Dodged            |    28 |    44 |    36 ||   108

Table legend:
 A = Non-vault XP
 B = Vault XP
 C = Vault XP percentage of total XP
 D = Non-vault monster count
 E = Vault monster count
 F = Vault count percentage of total count
                 A         B        C        D         E       F
            +---------+---------+-------+---------+---------+-------
      Total |     999 |     742 |  42.6 |      91 |      40 |  30.5
            +---------+---------+-------+---------+---------+-------
        D:1 |      40 |       0 |   0.0 |      16 |       0 |   0.0
        D:2 |     139 |      72 |  34.1 |      25 |      14 |  35.9
        D:3 |     318 |      36 |  10.2 |      25 |       1 |   3.8
        D:4 |     266 |     572 |  68.3 |      17 |       4 |  19.0
        D:5 |     236 |      21 |   8.2 |       8 |       5 |  38.5
      Sewer |       0 |      41 | 100.0 |       0 |      16 | 100.0
            +---------+---------+-------+---------+---------+-------
